 Dungeon Crawl Stone Soup version 0.26-a0-30-g56b8cd3df0 (webtiles) character file.

Game seed: 7355039687283998867, levelgen mode: deterministic

4683 tilp the Cleaver (level 10, -17/73 HPs)
             Began as a Hill Orc Fire Elementalist on May 30, 2020.
             Was the Champion of Zin.
             Demolished by an ogre
             ... wielding a +0 giant club
              (19 damage)
             ... on level 10 of the Dungeon.
             The game lasted 00:41:58 (14774 turns).

tilp the Cleaver (Hill Orc Fire Elementalist)      Turns: 14774, Time: 00:41:59

Health: -17/73     AC: 11    Str: 12    XL:     10   Next: 44%
Magic:  11/16      EV: 11    Int: 18    God:    Zin [******]
Gold:   803        SH:  0    Dex: 11    Spells: 2/13 levels left

rFire    + . .     SeeInvis .   a - +2 dagger (freeze)
rCold    + . .     Gourm    .   (no shield)
rNeg     . . .     Faith    .   i - +0 leather armour {rF+}
rPois    .         Spirit   .   D - +1 helmet
rElec    .         Reflect  .   s - +2 cloak
rCorr    .         Harm     .   y - +0 pair of gloves
MR       .....     Rnd*Tele +   K - +1 pair of boots
Stlth    +.........             v - amulet of magic regeneration
HPRegen  0.22/turn              x - ring of protection from cold
MPRegen  0.40/turn              J - ring of teleportation

@: lightly drained
A: no striking features
a: Recite, Vitalisation, Imprison, Sanctuary, Donate Gold, Renounce Religion


You were on level 10 of the Dungeon.
You worshipped Zin.
Zin was exalted by your worship.
You were not hungry.

You visited 2 branches of the dungeon, and saw 13 of its levels.

You collected 1050 gold pieces.
You spent 142 gold pieces at shops.
You donated 105 gold pieces to Zin.

Inventory:

Hand Weapons
 a - a +2 dagger of freezing (weapon)
 b - a +0 hand axe
 C - a +2 flail of protection
 F - the +1 arbalest "Bafugask" {penet, rF+}
   (You found it on level 6 of the Dungeon)

   Ammo fired by it will pass through the targets it hits, potentially hitting
   all targets in its path until it reaches maximum range.
   It protects you from fire.
Missiles
 j - 19 poisoned darts (quivered)
Armour
 i - a +0 leather armour of fire resistance (worn)
 s - a +2 cloak (worn)
 y - a +0 pair of gloves (worn)
 D - a +1 helmet (worn)
 K - a +1 pair of boots (worn)
Jewellery
 v - an amulet of magic regeneration (around neck)
 x - a ring of protection from cold (left hand)
 I - an uncursed amulet of reflection
 J - a ring of teleportation (right hand)
Wands
 d - a wand of flame (11)
 G - a wand of paralysis (1)
Scrolls
 g - 2 scrolls of amnesia
 m - 4 scrolls of enchant weapon
 t - 5 scrolls of remove curse
 B - a scroll of magic mapping
Potions
 e - 4 potions of stabbing
 l - 3 potions of might {unknown}
 n - 2 potions of flight {unknown}
 p - 2 potions of mutation {unknown}
 r - 2 potions of lignification {unknown}
 u - 2 potions of resistance {unknown}
 z - 2 potions of ambrosia {unknown}
 E - a potion of magic {unknown}
 H - 2 potions of invisibility {unknown}
Comestibles
 c - 13 rations


   Skills:
 - Level 2.0(1.7) Fighting
 + Level 12.4(12.1) Axes
 - Level 2.0(1.7) Dodging
 - Level 2.0(1.7) Stealth
 - Level 2.0(1.7) Spellcasting
 - Level 6.0(5.7) Conjurations
 - Level 8.0(7.7) Fire Magic
 - Level 8.0(7.7) Invocations


You had 2 spell levels left.
You knew the following spells:

 Your Spells              Type           Power        Failure   Level  Hunger
a - Foxfire               Conj/Fire      ####         1%          1    #......
b - Conjure Flame         Conj/Fire      ####....     4%          3    ###....
c - Inner Flame           Hex/Fire       ###.....     14%         3    ###....
d - Sticky Flame          Conj/Fire      ####....     16%         4    #####..

Your spell library contained the following spells:

 Spells                   Type           Power        Failure   Level  Hunger
 Fireball                 Conj/Fire      ####......   38%         5    ######.


Dungeon Overview and Level Annotations

Branches:
Dungeon (12/15)            Temple (1/1) D:4            Lair (0/6) D:9
    Orc (0/2) D:10

Altars:
Ashenzari
Cheibriados
Dithmenos
Elyvilon
Fedhas
Gozag
Hepliaklqana
Kikubaaqudgha
Makhleb
Nemelex Xobeh
Okawaru
Qazlal
Ru
Sif Muna
Trog
Uskayaw
Vehumet
Wu Jian
Xom
Yredelemnul
Zin
The Shining One

Shops:
D:4 }   D:7 *!(!*

Annotations:
D:7 2 runed translucent doors, p0werm0de's ghost, novice OpFi
D:10 Harold


Message History

Confirm with . or Enter, or press ? or * to list all spells.
Aiming: Sticky Flame (dangerous; 16% risk of failure)
Press: ? - help, Shift-Dir - straight line, f - wyvern
Aim: a wyvern
Okay, then.
Unknown command.
Okay, then.
You hit the wyvern. You freeze the wyvern.
The wyvern is moderately wounded.
The wyvern barely misses you. The ogre closely misses you.
The wyvern bites you but does no damage.
Unknown command.
Evoke which item? (* to show all) (? for menu, Esc to quit)
Aiming: Paralyse
Press: ? - help, Shift-Dir - straight line, f - ogre
Aim: an ogre, wielding a +0 giant club (lightly wounded, chance to defeat MR: 46%)
The ogre resists with some effort.
The wyvern bites you.
* * * LOW HITPOINT WARNING * * *
The ogre hits you with a +0 giant club!!
You die...

#########*** * .<.......,,* *
#########*,* * *,* * *,* * *,* *
**,* *
*********..#################### *
,,,,,,,,,....oJl@OYYC@TT......#**
***,*****####.#########)#####.,**
*,,,,,*****,,,,,*#.#.#.#.#.#,,**
**,,,*,,*,,,,**#,*##.......#*,,,,
*,,,***,*,**.#(#.*#..o.###.%#,,,,
,,,,,*,,*,*,...{K.##.T.#,*,##,***
,,,,,,,,,,**,,,*#Y.C.##.#*,,,,*
,*,,,,,,*,,,,,,,#.##@#,#..,**,*
***,,,****,*,*,*#,#oo#**...,*,*


You could see Harold, an ettin (dazed), 2 yaks, 2 trolls, a wyvern, an ogre, a
jelly and an orc.

Vanquished Creatures
  Joseph (D:10)
  A wraith (D:9)
  A spriggan (D:7)
  Eustachio (D:6)
  Menkaure (D:7)
  An orc warrior (D:10)
  2 ice beasts
  2 sky beasts
  A phantom (D:4)
  3 ogres
  2 centaurs
  2 big kobolds
  6 bullfrogs
  4 scorpions
  2 killer bees (D:10)
  7 wights
  3 howler monkeys (D:4)
  3 centaur zombies
  A crimson imp (D:4)
  4 hounds
  2 bullfrog zombies
  A quasit (D:9)
  An orc priest (D:4)
  4 orc wizards
  3 jellies
  A bullfrog skeleton (D:10)
  2 centaur skeletons
  7 iguanas
  8 worker ants
  A hound skeleton (D:5)
  A worker ant zombie (D:10)
  14 adders
  7 gnolls
  4 shadow imps
  2 adder zombies
  2 worms
  7 dart slugs
  10 leopard geckos
  17 orcs
  3 ball pythons
  A giant cockroach (D:6)
  7 goblins
  7 hobgoblins
  4 jackals
  4 quokkas
  A ball python skeleton (D:4)
  9 bats
  5 frilled lizards
  A jackal skeleton (D:6)
  24 kobolds
  10 rats
218 creatures vanquished.

Vanquished Creatures (collateral kills)
  An orc priest (D:7)
  A rat (D:1)
2 creatures vanquished.

Vanquished Creatures (others)
  651 foxfires
  A fungus (D:8)
  4 toadstools (D:8)
656 creatures vanquished.

Grand Total: 876 creatures vanquished

Notes
Turn   | Place    | Note
-------+----------+-------------------------------------------
     0 | D:1      | tilp the Hill Orc Fire Elementalist began the quest for the
                  | Orb.
     0 | D:1      | Reached XP level 1. HP: 14/14 MP: 3/3
   225 | D:1      | Reached XP level 2. HP: 17/20 MP: 0/4
   642 | D:1      | Reached XP level 3. HP: 26/26 MP: 0/5
  1146 | D:1      | Found an iron altar of Okawaru.
  1320 | D:2      | Reached skill level 5 in Fire Magic
  1328 | D:2      | Learned a level 3 spell: Conjure Flame
  1796 | D:2      | Reached XP level 4. HP: 17/33 MP: 1/6
  3788 | D:3      | Reached XP level 5. HP: 38/38 MP: 5/7
  4216 | D:3      | Reached skill level 1 in Fighting
  4569 | D:4      | Noticed a centaur
  5214 | D:4      | Reached XP level 6. HP: 48/48 MP: 7/9
  5563 | D:4      | Found Ymainox's Gadget Shop.
  5713 | D:4      | Learned a level 3 spell: Inner Flame
  5778 | D:4      | Reached XP level 7. HP: 55/55 MP: 7/10
  5863 | D:4      | Reached skill level 1 in Axes
  6016 | D:4      | Found a staircase to the Ecumenical Temple.
  6097 | D:4      | Reached skill level 2 in Axes
  6209 | Temple   | Entered the Ecumenical Temple
  6390 | Temple   | Became a worshipper of Zin the Law-Giver
  6390 | Temple   | Reached * piety under Zin
  6539 | D:4      | Reached ** piety under Zin
  6612 | D:4      | Reached skill level 3 in Axes
  6650 | D:4      | Reached *** piety under Zin
  6708 | D:4      | Reached skill level 5 in Conjurations
  6733 | D:4      | Reached XP level 8. HP: 49/61 MP: 9/11
  6762 | D:4      | Reached skill level 4 in Axes
  6899 | D:4      | Reached **** piety under Zin
  6966 | D:5      | Entered Level 5 of the Dungeon
  6966 | D:5      | Found a shimmering altar of Xom.
  6991 | D:5      | Learned a level 4 spell: Sticky Flame
  7044 | D:5      | Found an ornate altar of the Wu Jian Council.
  7044 | D:5      | Found an opulent altar of Gozag.
  7045 | D:5      | Found a burning altar of Makhleb.
  7445 | D:5      | Reached skill level 5 in Axes
  7529 | D:5      | Found a shimmering altar of Xom.
  7530 | D:5      | Found a shimmering altar of Xom.
  7531 | D:5      | Found a shimmering altar of Xom.
  7532 | D:5      | Found a shimmering altar of Xom.
  7532 | D:5      | Found a shimmering altar of Xom.
  7669 | D:5      | Reached ***** piety under Zin
  7696 | D:6      | Got an ivory arbalest
  7947 | D:6      | Found a shattered altar of Ashenzari.
  8140 | D:6      | Found a shadowy altar of Dithmenos.
  8172 | D:6      | Noticed Eustachio
  8608 | D:5      | Reached skill level 6 in Axes
  8804 | D:6      | Found a shimmering blue altar of Sif Muna.
  8835 | D:6      | Killed Eustachio
  8835 | D:6      | Reached skill level 7 in Axes
  8835 | D:6      | Reached XP level 9. HP: 64/67 MP: 9/12
  9139 | D:6      | Reached skill level 1 in Invocations
  9580 | D:7      | Reached skill level 8 in Axes
  9610 | D:7      | Found a large runed translucent door.
  9611 | D:7      | Found a large runed translucent door.
  9992 | D:7      | Found Wihaur's Lightly-Used Armoury.
 10014 | D:7      | Found Ijacir's Distillery.
 10014 | D:7      | Found Riakev's Antique Weapon Boutique.
 10026 | D:7      | Found Rytoh's Distillery.
 10027 | D:7      | Found Rinecag's General Store.
 10049 | D:7      | Bought a potion of degeneration for 12 gold pieces
 10063 | D:7      | Bought 2 potions of heal wounds for 130 gold pieces
 10360 | D:7      | Noticed Menkaure
 10365 | D:7      | Killed Menkaure
 10620 | D:7      | Reached skill level 9 in Axes
 10686 | D:7      | Noticed p0werm0de's ghost (novice OpFi)
 10691 | D:7      | Identified the +1 arbalest "Bafugask" {penet, rF+} (You
                  | found it on level 6 of the Dungeon)
 10907 | D:8      | Reached skill level 5 in Invocations
 11755 | D:8      | Reached ****** piety under Zin
 12496 | D:9      | Reached skill level 10 in Axes
 13025 | D:9      | Found a hide-covered altar of Uskayaw.
 13036 | D:9      | Found a staircase to the Lair.
 13121 | D:9      | Reached XP level 10. HP: 24/73 MP: 15/15
 13702 | D:10     | Entered Level 10 of the Dungeon
 13788 | D:10     | Noticed Joseph
 13848 | D:10     | Killed Joseph
 13848 | D:10     | Reached skill level 11 in Axes
 14561 | D:10     | You fall into a shaft and drop 2 floors!
 14671 | D:12     | Found an ancient bone altar of Kikubaaqudgha.
 14678 | D:12     | Reached skill level 12 in Axes
 14713 | D:10     | Noticed Harold
 14714 | D:10     | Noticed a deep troll earth mage
 14719 | D:10     | Noticed an ettin
 14774 | D:10     | HP: 2/73 [wyvern (3)]
 14774 | D:10     | Demolished by an ogre

Illustrated notes

Levels and vault maps discovered:
D:1:      tarquinn_simple_flora_water_e, layout_basic, minmay_hexomino_r4
D:2:      layout_basic, serial_bayou_pond_d, minmay_mini_jars
D:3:      layout_loops_cross, first_ration, minmay_misc_feat_ornament
D:4:      minmay_polygon_palace, layout_basic, minmay_temple_entry_fiery,
          serial_shops, shop_statue, minmay_bent
D:5:      layout_basic, xom_redecorated, gammafunk_temple_overflow_forgotten,
          basic_altar, minmay_diced_spiral
D:6:      layout_layer_cave, kennysheep_little_box,
          ashenzari_conservatory_becter, lemuel_altar_in_water, uniq_eustachio
D:7:      layout_gridville, ebering_ghost_disaster_area, the_bakery,
          minmay_shop_damaged, minmay_shop_grid_forest, uniq_menkaure
D:8:      layout_layer_cave, minmay_gold_behind_fungi, grunt_ministairs_2,
          kennysheep_generic_room_15
D:9:      layout_rooms, eat_drink_and_be_merry_uskayaw, lair_entry_dummy,
          minivault_16
D:10:     minmay_the_grid_3x3 [minmay_the_grid_spikes, minmay_the_grid_embedded,
          minmay_the_grid_box_x, minmay_the_grid_tree, minmay_the_grid_plusring,
          minmay_the_grid_tiny_cups, minmay_the_grid_small_cups,
          minmay_the_grid_eight, minmay_the_grid_prize_diamond_cup],
          layout_long_grid, orc_0_dummy, uniq_harold, uniq_joseph
D:11:     layout_basic
D:12:     layout_irregular_city, enter_bailey_3, basic_altar, uniq_gastronok
Temple:   bh_familiar_temple

Skill      XL: |  1  2  3  4  5  6  7  8  9 10 |
---------------+-------------------------------+-----
Fire Magic     | 4 5 6 8 |  8.0
Spellcasting   | 2 |  2.0
Fighting       | 2 |  2.0
Conjurations   | 2 4 5 6 |  6.0
Dodging        | 2 |  2.0
Stealth        | 2 |  2.0
Axes           | 3 7 10 12 | 12.4
Invocations    | 7 8 |  8.0

Action                   |  1- 3 |  4- 6 |  7- 9 | 10-12 || total
-------------------------+-------+-------+-------+-------++-------
Melee: Dagger            |     4 |   117 |   118 |    16 ||   255
       Flail             |       |     2 |       |       ||     2
       Hand axe          |       |       |   136 |    50 ||   186
Throw: Stone             |     4 |     1 |       |       ||     5
       Dart              |       |     6 |    11 |    12 ||    29
 Cast: Foxfire           |    61 |    82 |   205 |    50 ||   398
       Conjure Flame     |       |     1 |     1 |       ||     2
       Sticky Flame      |       |       |     7 |     3 ||    10
Invok: Recite            |       |       |     2 |     7 ||     9
       Vitalisation      |       |       |     2 |       ||     2
Evoke: Wand              |       |       |       |    11 ||    11
  Use: Scroll            |       |     4 |     9 |     9 ||    22
       Potion            |       |       |     1 |    15 ||    16
 Stab: Sleeping          |       |     5 |       |     1 ||     6
       Paralysed         |       |       |       |    18 ||    18
  Eat: Chunk             |     4 |    14 |    14 |     2 ||    34
       Ration            |       |       |     4 |     2 ||     6
Armor: Robe              |    11 |    32 |       |       ||    43
       Leather armour    |       |    16 |   128 |    58 ||   202
Dodge: Dodged            |    43 |   125 |   190 |    93 ||   451

Table legend:
 A = Non-vault XP
 B = Vault XP
 C = Vault XP percentage of total XP
 D = Non-vault monster count
 E = Vault monster count
 F = Vault count percentage of total count
                 A         B        C        D         E       F
            +---------+---------+-------+---------+---------+-------
      Total |    4570 |    2120 |  31.7 |     172 |      48 |  21.8
            +---------+---------+-------+---------+---------+-------
        D:1 |      56 |       6 |   9.7 |      26 |       5 |  16.1
        D:2 |      34 |      53 |  60.9 |      12 |      10 |  45.5
        D:3 |      99 |       0 |   0.0 |      28 |       0 |   0.0
        D:4 |     489 |     747 |  60.4 |      23 |      20 |  46.5
        D:5 |     394 |      54 |  12.1 |      14 |       4 |  22.2
        D:6 |     319 |     211 |  39.8 |      11 |       1 |   8.3
        D:7 |     537 |     379 |  41.4 |      10 |       2 |  16.7
        D:8 |     507 |     112 |  18.1 |      17 |       1 |   5.6
        D:9 |    1196 |       0 |   0.0 |      16 |       0 |   0.0
       D:10 |     376 |     558 |  59.7 |      10 |       5 |  33.3
       D:12 |     563 |       0 |   0.0 |       5 |       0 |   0.0
            +---------+---------+-------+---------+---------+-------
